 Dungeon Crawl Stone Soup version 0.27.1 (webtiles) character file.

Game seed: 1810970699565684990

918 acemry the Cleaver (level 7, -8/57 HPs)
             Began as a Minotaur Fighter on Sept 4, 2021.
             Mangled by an ogre (14 damage)
             ... on level 5 of the Dungeon.
             The game lasted 00:07:01 (5097 turns).

acemry the Cleaver (Minotaur Fighter)               Turns: 5097, Time: 00:07:01

Health: -8/57      AC:  6    Str: 22    XL:     7   Next: 83%
Magic:  6/6        EV:  9    Int:  5    God:
Gold:   239        SH:  0    Dex: 10    Spells: 6/6 levels left

rFire    . . .     SeeInvis +   a - +0 war axe
rCold    . . .     Faith    .   (no shield)
rNeg     . . .     Spirit   .   b - +0 scale mail
rPois    .         Reflect  .   (helmet restricted)
rElec    .         Harm     .   (no cloak)
rCorr    .         Rampage  .   (no gloves)
Will     .....                  (no boots)
Stlth    ..........             (no amulet)
HPRegen  0.19/turn              h - ring of see invisible
MPRegen  0.10/turn              (no ring)

@: lethally poisoned (-8 -> -11)
A: horns 2, retaliatory headbutt
a: no special abilities


You were on level 5 of the Dungeon.
You visited 1 branch of the dungeon, and saw 5 of its levels.

You collected 239 gold pieces.

Inventory:

Hand Weapons
 a - a +0 war axe (weapon)
Missiles
 l - 4 throwing nets (quivered)
Armour
 b - a +0 scale mail (worn)
 c - a +0 kite shield
Jewellery
 h - a ring of see invisible (left hand)
Wands
 m - a wand of flame (24)
Scrolls
 i - 2 scrolls of identify
 j - a scroll of silence {unknown}
 n - a scroll of blinking {unknown}
Potions
 d - 3 potions of might
 e - a potion of degeneration {unknown}
 f - 4 potions of lignification
 g - a potion of ambrosia
 k - a potion of attraction


   Skills:
 - Level 3.6 Fighting
 + Level 10.9 Axes
 - Level 3.6 Armour
 - Level 3.6 Shields


You had 6 spell levels left.
You didn't know any spells.
Your spell library contained the following spells:

 Spells                   Type           Power      Damage    Failure   Level
 Blink                    Tloc           N/A        N/A       90%         2
 Sublimation of Blood     Necr           0%         N/A       90%         2
 Wereblood                Tmut           0%         N/A       90%         2
 Ignite Poison            Fire/Tmut/Pois 0%         N/A       99%         3
 Mephitic Cloud           Conj/Pois/Air  0%         N/A       99%         3
 Bolt of Magma            Conj/Fire/Erth 0%         4d4       100%        5
 Manifold Assault         Tloc           0%         N/A       100%        5
 Storm Form               Tmut/Air       0%         N/A       100%        7
 Summon Hydra             Summ           0%         N/A       100%        7


Dungeon Overview and Level Annotations

Branches:
Dungeon (5/15)
 Temple: D:4-7

Altars:
Hepliaklqana
Okawaru
Ru
Xom

Shops:
D:2 ((*


Innate Abilities, Weirdness & Mutations

You have a pair of horns on your head.
You reflexively headbutt those who attack you in melee.


Message History

You are too injured to fight recklessly!
The water moccasin bites you but does no damage.
The water moccasin bites you but does no damage.
You miss the water moccasin.
The water moccasin is severely wounded.
The water moccasin bites you.
* * * LOW HITPOINT WARNING * * *
The water moccasin closely misses you. You furiously retaliate!
You headbutt the water moccasin. You closely miss the water moccasin.
The water moccasin is almost dead.
The water moccasin closely misses you.
You are confused.
You feel invigorated. The water moccasin barely misses you.
The water moccasin bites you.
* * * LOW HITPOINT WARNING * * *
You bump into the rock wall.
The water moccasin bites you.
* * * LOW HITPOINT WARNING * * *
You are lethally poisoned!
The water moccasin poisons you!
You completely miss the water moccasin. You headbutt the water moccasin.
You kill the water moccasin!
You feel very sick.
You bump into the rock wall.
You feel sick. The ogre hits you with a +0 giant club!
* * * LOW HITPOINT WARNING * * *
You hit the ogre.
The ogre is heavily wounded.
You feel sick.
You bump into the rock wall.
You feel less invigorated.
You feel less confused.
You feel sick. The ogre hits you with a +0 giant club!
* * * LOW HITPOINT WARNING * * *
You hit the ogre. You headbutt the ogre.
The ogre is severely wounded.
You feel sick. The ogre closely misses you.
You hit the ogre but do no damage.
The ogre is severely wounded.
You feel sick. The ogre hits you with a +0 giant club!
You die...

## >. #.
#..##########
#.......O@..#
#...#######.#
.......
#.#########
.#.#...
#..........
.......
##.#######.
.#.#.#. #..#
.....#. ##.#
#..###. #.#
###.###


You could see an ogre.

Vanquished Creatures
  An acid dragon (D:5)
  A water moccasin (D:5)
  A black bear (D:4)
  A necrophage (D:4)
  A sky beast (D:5)
  A scorpion (D:5)
  An orc priest (D:3)
  3 hounds
  3 iguanas
  3 gnolls (D:4)
  5 adders
  An adder zombie (D:5)
  An adder skeleton (D:4)
  4 worms
  A dart slug (D:3)
  5 orcs
  8 bats
  7 endoplasms
  4 giant cockroaches
  11 goblins
  7 hobgoblins
  7 jackals
  2 quokkas
  10 ball pythons
  A frilled lizard (D:2)
  9 kobolds
  9 rats
108 creatures vanquished.

Vanquished Creatures (others)
  8 plants (D:4)
8 creatures vanquished.

Grand Total: 116 creatures vanquished

Notes
Turn   | Place    | Note
-------+----------+-------------------------------------------
     0 | D:1      | acemry the Minotaur Fighter began the quest for the Orb.
     0 | D:1      | Reached XP level 1. HP: 19/19 MP: 0/0
   130 | D:1      | Reached skill level 3 in Axes
   160 | D:1      | Reached XP level 2. HP: 26/26 MP: 1/1
   374 | D:1      | Found a faded altar of an unknown god.
   637 | D:1      | Reached skill level 4 in Axes
   961 | D:2      | Reached XP level 3. HP: 25/31 MP: 2/2
  1069 | D:2      | Found a shimmering altar of Xom.
  1116 | D:2      | Found Owkes's General Store.
  1277 | D:2      | Found Xamiqux's Antique Weapon Emporium.
  1316 | D:2      | Found Goymuy's Weapon Shoppe.
  1867 | D:3      | Reached skill level 5 in Axes
  1867 | D:3      | Reached XP level 4. HP: 36/39 MP: 3/3
  2040 | D:3      | Reached skill level 6 in Axes
  2251 | D:3      | Reached XP level 5. HP: 27/45 MP: 4/4
  2371 | D:3      | Found an iron altar of Okawaru.
  3092 | D:3      | Found a sacrificial altar of Ru.
  3184 | D:4      | Reached skill level 7 in Axes
  3285 | D:4      | Noticed a necrophage
  3291 | D:4      | Killed a necrophage
  3292 | D:4      | Reached XP level 6. HP: 44/51 MP: 5/5
  3424 | D:4      | Reached skill level 8 in Axes
  3658 | D:4      | Found a hazy altar of Hepliaklqana.
  3800 | D:4      | Reached skill level 9 in Axes
  4368 | D:5      | Entered Level 5 of the Dungeon
  4396 | D:5      | Noticed a sky beast
  4409 | D:5      | Killed a sky beast
  4410 | D:5      | Reached XP level 7. HP: 31/57 MP: 6/6
  4871 | D:5      | Reached skill level 10 in Axes
  5097 | D:5      | Mangled by an ogre

Illustrated notes

Levels and vault maps discovered:
D:1:      psy_arrival_statuary, layout_basic, basic_ecumenical_altar,
          feat_on_display
D:2:      layout_loops_ring, serial_shops, shop,
          nicolae_shop_temple_entry_statues_fountains,
          nicolae_shop_temple_entry_statues_fountains, basic_altar,
          mrwooster_statue_mirror, kennysheep_generic_room_9
D:3:      layout_loops_ring, okawaru_gym_becter, mainiacjoe_overflow_alcove_1,
          serial_glass, glass_columns_a, glass_columns_c
D:4:      corexii_shack_village, layout_loops_cross,
          nicolae_hepliaklqana_hazy_memory
D:5:      layout_loops_ring, minmay_temple_entry_tees, minmay_crystal_room

Skill      XL: |  1  2  3  4  5  6  7 |
---------------+----------------------+-----
Axes           | 3 4 5 6 7 9 10 | 10.9
Fighting       | |  3.6
Armour         | |  3.6
Shields        | |  3.6

Action                   |  1- 3 |  4- 6 |  7- 9 || total
-------------------------+-------+-------+-------++-------
Melee: War axe           |    75 |   138 |    43 ||   256
       Headbutt          |    10 |    18 |     9 ||    37
  Use: Scroll            |       |     6 |       ||     6
       Potion            |       |       |     1 ||     1
Armor: Scale mail        |    45 |    57 |    12 ||   114
Dodge: Dodged            |    31 |    51 |    24 ||   106
Block: Kite shield       |    24 |       |       ||    24
